 Dungeon Crawl Stone Soup version 0.20-a0-464-g526fb3c (webtiles) character file.

107589 Kidiri the Eclecticist (level 16, -3/92 HPs)
             Began as a Deep Elf Fire Elementalist on Jan 11, 2017.
             Was a High Priest of Vehumet.
             Slain by a sea snake (12 damage)
             ... on level 3 of the Lair of Beasts.
             The game lasted 02:19:07 (33097 turns).

Kidiri the Eclecticist (DEFE)                      Turns: 33097, Time: 02:19:07

Health: -3/92      AC: 16    Str:  2    XL:     16   Next: 0%
Magic:  42/53      EV: 24    Int: 33    God:    Vehumet [*****.]
Gold:   514        SH:  4    Dex: 15    Spells: 5/47 levels left

rFire  + . .     SeeInvis .     T - +11 dagger "Darhuf" {holy, +Inv rElec rPois Str-3}
rCold  . . .     Gourm    .     C - +2 robe {rF+}
rNeg   . . .     Faith    .     R - +0 buckler
rPois  +         Spirit   .     v - +3 hat of Pondering {ponderous, MR+ MP+10 Int+5}
rElec  +         Reflect  .     S - +2 cloak
rCorr  .         Harm     .     H - +1 pair of gloves
MR     ++...                    y - +1 pair of boots {Fly}
Stlth  ++........               E - amulet of regeneration
                                m - +5 ring of evasion
                                p - ring of magical power

@: lethally poisoned (-3 -> -8), flying, hasted, studying Staves, very quick
A: claws 1, horns 1, low mp 1, shaggy fur 1
a: Renounce Religion, Evoke Invisibility, Stop Flying


You were on level 3 of the Lair of Beasts.
You worshipped Vehumet.
Vehumet was extremely pleased with you.
You were not hungry.

You visited 5 branches of the dungeon, and saw 25 of its levels.

You collected 2138 gold pieces.
You spent 1624 gold pieces at shops.

Inventory:

Hand Weapons
 T - the +11 dagger "Darhuf" (weapon) {holy, +Inv rElec rPois Str-3}
   (You bought it in a shop on level 14 of the Dungeon)

   It has been blessed by the Shining One to cause great damage to the undead
   and demons.
   It affects your strength (-3).
   It insulates you from electricity.
   It protects you from poison.
   It lets you turn invisible.
Armour
 v - the +3 hat of Pondering (worn) {ponderous, MR+ MP+10 Int+5}
   (You bought it in a shop on level 2 of the Orcish Mines)

   It affects your intelligence (+5).
   It affects your resistance to hostile enchantments.
   It affects your magic capacity (+10).
 y - a +1 pair of boots of flying (worn)
 C - a +2 robe of fire resistance (worn)
 F - a +1 shield of protection
 H - a +1 pair of gloves (worn)
 R - a +0 buckler (worn)
 S - a +2 cloak (worn)
Jewellery
 m - a +5 ring of evasion (right hand)
 p - a ring of magical power (left hand)
 E - an amulet of regeneration (around neck)
 I - an uncursed ring of protection from fire
 O - an uncursed ring of protection from magic
Wands
 b - a wand of paralysis (24/24)
 g - a wand of iceblast (9/15)
 r - a wand of digging (11/24)
 t - a wand of polymorph (19/24)
 J - a wand of disintegration (9/24)
 N - a wand of acid (6/15)
 Y - a wand of lightning (8/15)
Scrolls
 f - 10 scrolls of teleportation
 o - 9 scrolls of remove curse
 q - 3 scrolls of immolation
 A - a scroll of magic mapping
 D - 3 scrolls of fog
 Q - 6 scrolls of recharging
Potions
 d - 4 potions of brilliance
 i - 2 potions of cancellation
 n - 3 potions of lignification
 w - 2 potions of resistance
 x - a potion of magic
 B - 2 potions of ambrosia
 G - 2 potions of cure mutation
 K - a potion of invisibility
 W - a potion of haste
 Z - a potion of might
Books
 e - a book of Clouds

   Spells                             Type                      Level
   a - Poisonous Vapours              Poison/Air                   2
   b - Mephitic Cloud                 Conjuration/Poison/Air       3
   c - Conjure Flame                  Conjuration/Fire             3
   d - Freezing Cloud                 Conjuration/Ice/Air          6
   e - Ring of Flames                 Charms/Fire                  7
 U - a manual of Staves
Comestibles
 c - 3 bread rations
 j - 11 meat rations
 V - a fruit
 X - 6 slices of pizza


   Skills:
 + Level 7.0 Fighting
 - Level 8.3 Short Blades
 + Level 7.4 Armour
 - Level 10.2 Dodging
 - Level 2.4 Stealth
 + Level 2.4 Shields
 * Level 16.4 Spellcasting
 + Level 10.5 Conjurations
 + Level 10.7 Fire Magic
 + Level 3.4 Ice Magic
 + Level 5.8 Air Magic
 + Level 8.0 Earth Magic
 + Level 8.1 Poison Magic
 + Level 9.5 Evocations


You had 5 spell levels left.
You knew the following spells:

 Your Spells              Type           Power        Failure   Level  Hunger
a - Flame Tongue          Conj/Fire      #####        1%          1    None
b - Throw Flame           Conj/Fire      ######       1%          2    None
c - Conjure Flame         Conj/Fire      #######.     1%          3    None
d - Inner Flame           Hex/Fire       ######..     1%          3    None
e - Sticky Flame          Conj/Fire      #######.     1%          4    None
f - Fireball              Conj/Fire      #######...   1%          5    None
h - Sting                 Conj/Pois      ####         1%          1    None
i - Freezing Cloud        Conj/Ice/Air   ######....   5%          6    #......
j - Lee's Rapid Deconstr  Erth           ######....   1%          5    None
k - Orb of Destruction    Conj           #######...   5%          7    ####...
l - Lightning Bolt        Conj/Air       ######....   1%          5    None


Dungeon Overview and Level Annotations

Branches:
Dungeon (15/15)            Temple (1/1) D:6            Lair (6/6) D:8
 Shoals (1/4) Lair:3        Snake (0/4) Lair:4        Slime (0/5) Lair:5
    Orc (2/2) D:10            Elf (0/3) Orc:2        Vaults (0/5) D:13
 Depths (0/5) D:15

Altars:
Ashenzari
Cheibriados
Dithmenos
Elyvilon
Fedhas
Gozag
Hepliaklqana
Kikubaaqudgha
Makhleb
Nemelex Xobeh
Okawaru
Qazlal
Ru
Sif Muna
Trog
Uskayaw
Vehumet
Xom
Yredelemnul
Zin
The Shining One
Beogh
Jiyva

Shops:
D:4 [   D:5 [   D:14 (   Orc:2 [%:!

Portals:
Pandemonium: Orc:2

Annotations:
D:15 1 runed door, exclusion: orange crystal statue
Lair:6 2 runed doors


Innate Abilities, Weirdness & Mutations

You have sharp fingernails.
You have a pair of small horns on your head.
Your magical capacity is low. (-10% MP)
You are covered in fur. (AC +1)


Message History

The stone burns you.
The faun is engulfed in a cloud of scalding steam.
The snapping turtle completely misses you.
The faun is engulfed in a cloud of scalding steam.
The faun shoots a stone.
The stone barely misses you.
The merfolk hits you from afar with a trident!
The merfolk javelineer throws a poisoned javelin.
The poisoned javelin hits you!
* * * LOW HITPOINT WARNING * * *
You are poisoned.
You fly upwards.
Welcome back to the Lair of Beasts!
You feel very sick.
There is a staircase to the Shoals here.
Unknown command.
You feel yourself speed up.
You feel sick.
The sea snake burns!
The snapping turtle burns!
The sea snake barely misses you. The snapping turtle bites you.
* * * LOW HITPOINT WARNING * * *
The sea snake bites you!
You die...

..###.#.....###...##.............
............P.......#.........#..
.#.#.##P...........##........####
..##.###...........#P........#..P
...#.P#..........................
...................P#............
...P##......####...##........[...
#######.......#....##.....(.PP...
## #.....#...@..........P.P...
.#### #.....##..St##.........####
....# #......#....##..........###
....# ##..........#.#............
....# #......#...................
....# ##....#....................
....# ##....#..............).....
....###.....##...............>...
.....##...........###..........#.


You could see a sea snake (burning) and a snapping turtle (burning).

Vanquished Creatures
  Kirke (D:12)
  An orc warlord (Orc:2)
  A stone giant (Orc:2)
  Azrael (D:15)
  Harold (D:11)
  A rakshasa (D:15)
  An ice dragon (shapeshifter) (D:15)
  The ghost of ololoev the Cleaver, a journeyman CeFE of Trog (D:14)
  A yaktaur captain (D:13)
  2 centaur warriors (D:13)
  18 hydras
  2 two-headed ogres
  A tengu warrior (D:13)
  8 orc high priests (Orc:2)
  2 soul eaters (Orc:2)
  Nergalle (D:11)
  2 fire crabs
  A gelid demonspawn (Orc:2)
  The ghost of asdu the Carver, a novice HaCK of Xom (D:8)
  5 unseen horrors
  5 orc knights (Orc:2)
  A lindwurm (Lair:1)
  Pikel (D:8)
  5 orc sorcerers (Orc:2)
  A wolf spider zombie (D:15)
  A necromancer (Lair:5)
  A deep elf mage (D:13)
  5 oklob plants
  10 elephants
  A manticore (D:12)
  An ugly thing (D:15)
  A cyclops (Orc:2)
  Joseph (D:8)
  A guardian serpent (shapeshifter) (D:13)
  A guardian serpent (Lair:3)
  3 molten gargoyles (Lair:6)
  12 black mambas
  Psyche (D:11)
  A centaur zombie (D:13)
  9 spiny frogs
  A gargoyle (D:15)
  2 yaktaurs (D:15)
  12 komodo dragons
  5 rime drakes
  A kobold demonologist (D:12)
  2 hellwings (Orc:2)
  2 polar bears (shapeshifter) (D:15)
  12 trolls
  4 polar bears
  7 blink frogs
  12 hippogriffs
  12 slime creatures
  2 meliai zombies
  A hippogriff (shapeshifter) (D:15)
  17 dream sheep
  Sigmund (D:2)
  A wraith (D:13)
  50 yaks
  3 wyverns
  A shadow (D:14)
  A vampire (D:14)
  The ghost of Graouh the Shield-Bearer, an amateur MiFi (D:4)
  A fire elemental (D:15)
  Eustachio (D:4)
  3 hogs (D:12)
  A neqoxec (Orc:2)
  Grum (D:8)
  8 basilisks
  2 steam dragons (Lair:6)
  Menkaure (D:4)
  2 vampire mosquitoes (D:14)
  A soldier ant (D:11)
  5 wargs
  9 hell hounds
  8 water moccasins
  5 porcupines
  Duvessa (D:5)
  A sky beast (shapeshifter) (D:13)
  5 ice beasts
  3 black bears
  27 orc warriors
  2 phantoms
  4 slaves (D:8)
  A swamp drake (Lair:3)
  The ghost of Graouh the Shield-Bearer, an amateur MiFi (D:3)
  7 sky beasts
  5 boggarts (D:15)
  4 necrophages
  14 wolves
  13 ogres
  18 centaurs
  5 big kobolds
  30 crocodiles
  19 bullfrogs
  2 elf zombies (D:7)
  Dowan (D:5)
  A scorpion (D:4)
  12 killer bees
  3 electric eels
  9 wights
  6 howler monkeys
  7 lava snakes
  7 crimson imps
  A bullfrog zombie (D:13)
  6 hounds
  A quasit (D:7)
  A human zombie (D:7)
  Crazy Yiuf (D:4)
  A bullfrog skeleton (D:11)
  2 centaur skeletons
  31 orc priests
  4 jellies
  3 human skeletons (D:7)
  12 iguanas
  18 orc wizards
  2 polar bear simulacra (Lair:5)
  11 worker ants
  2 yak simulacra (Lair:5)
  4 wolf simulacra (Lair:5)
  An ogre zombie (D:7)
  A hound zombie (D:10)
  A hound skeleton (D:11)
  A mummy (D:7)
  Robin (D:2)
  9 gnolls
  10 adders
  A shadow imp (D:8)
  An adder zombie (D:9)
  An adder skeleton (D:8)
  2 worms
  11 dart slugs
  16 leopard geckos
  89 orcs
  5 giant cockroaches
  13 goblins
  12 hobgoblins
  6 jackals
  3 quokkas
  4 ball pythons
  4 bats (D:1)
  7 frilled lizards
  19 kobolds
  A leopard gecko skeleton (D:4)
  An orc zombie (D:7)
  11 rats
  3 river rat simulacra (Lair:5)
  6 bushes
  A butterfly (D:7)
  4 fungi
  4 plants
869 creatures vanquished.

Vanquished Creatures (others)
  A komodo dragon (Lair:6)
  A wight (D:11)
  A quokka (D:15)
  15 fungi
  8 plants
26 creatures vanquished.

Grand Total: 895 creatures vanquished

Notes
Turn   | Place    | Note
-------+----------+-------------------------------------------
     0 | D:1      | Kidiri the Deep Elf Fire Elementalist began the quest for the Orb.
     0 | D:1      | Reached XP level 1. HP: 10/10 MP: 6/6
   193 | D:1      | Reached XP level 2. HP: 14/15 MP: 4/8
   197 | D:1      | Learned a level 2 spell: Throw Flame
   840 | D:1      | Reached XP level 3. HP: 19/19 MP: 8/10
   845 | D:1      | Learned a level 3 spell: Conjure Flame
   849 | D:1      | Learned a level 3 spell: Inner Flame
  1049 | D:2      | Gained mutation: You have a pair of small horns on your head. [potion of mutation]
  1049 | D:2      | Gained mutation: You expend magic power (3 MP) to strengthen your wands. [potion of mutation]
  1049 | D:2      | Gained mutation: Your flesh is heat resistant. (rF+) [potion of mutation]
  1077 | D:2      | Reached skill level 4 in Spellcasting
  1895 | D:2      | Found a basalt altar of Yredelemnul.
  1923 | D:2      | Noticed Sigmund
  1990 | D:2      | Noticed Robin
  2298 | D:2      | Killed Robin
  2298 | D:2      | Reached XP level 4. HP: 19/24 MP: 3/12
  2669 | D:2      | Reached skill level 5 in Spellcasting
  2784 | D:2      | Learned a level 4 spell: Sticky Flame
  2937 | D:2      | Killed Sigmund
  2937 | D:2      | Reached skill level 6 in Spellcasting
  2937 | D:2      | Reached XP level 5. HP: 28/28 MP: 15/15
  2937 | D:2      | Reached XP level 6. HP: 32/32 MP: 16/17
  3104 | D:3      | Found a blossoming altar of Fedhas.
  3123 | D:3      | Noticed Graouh's ghost (amateur MiFi)
  3140 | D:3      | Killed Graouh's ghost
  3273 | D:3      | Learned a level 5 spell: Fireball
  3343 | D:3      | Found a glowing golden altar of the Shining One.
  3799 | D:3      | Found an iron altar of Okawaru.
  4017 | D:4      | Noticed Menkaure
  4022 | D:4      | Killed Menkaure
  4022 | D:4      | Reached skill level 7 in Spellcasting
  4022 | D:4      | Reached skill level 5 in Fire Magic
  4073 | D:4      | Noticed Graouh's ghost (amateur MiFi)
  4133 | D:4      | Reached XP level 7. HP: 37/37 MP: 19/19
  4170 | D:4      | Reached skill level 1 in Evocations
  4176 | D:4      | Reached skill level 1 in Short Blades
  4477 | D:4      | Reached skill level 1 in Armour
  4498 | D:4      | Found Qyipaung's Antique Armour Shoppe.
  4507 | D:4      | Reached skill level 1 in Fighting
  4579 | D:4      | Killed Graouh's ghost
  4682 | D:4      | Noticed Eustachio
  4702 | D:4      | Killed Eustachio
  4702 | D:4      | Reached XP level 8. HP: 38/43 MP: 11/21
  5013 | D:4      | Found a runed door.
  5179 | D:4      | Noticed Crazy Yiuf
  5188 | D:4      | Killed Crazy Yiuf
  5188 | D:4      | Reached skill level 8 in Spellcasting
  5275 | D:5      | Entered Level 5 of the Dungeon
  5312 | D:5      | Found an opulent altar of Gozag.
  5537 | D:5      | Noticed Dowan
  5539 | D:5      | Noticed Duvessa
  5559 | D:5      | Killed Dowan
  5561 | D:5      | Killed Duvessa
  5649 | D:5      | Found Raubb's Armour Shop.
  5703 | D:5      | Reached skill level 5 in Conjurations
  5715 | D:5      | Gained mutation: You have sharp toenails. [mutagenic meat]
  5716 | D:5      | Gained mutation: You are weak. (Str -2) [mutagenic meat]
  5717 | D:5      | Gained mutation: Scrolls take you a little longer to read. [mutagenic meat]
  5916 | D:5      | Found a sacrificial altar of Ru.
  6759 | D:6      | Reached skill level 9 in Spellcasting
  6776 | D:6      | Reached XP level 9. HP: 39/48 MP: 24/24
  6783 | D:6      | Gained mutation: Your spells are a little harder to cast, but a little more powerful. [mutagenic meat]
  7100 | D:6      | Found a shadowy altar of Dithmenos.
  7326 | D:6      | Found a staircase to the Ecumenical Temple.
  7331 | Temple   | Entered the Ecumenical Temple
  7459 | Temple   | Became a worshipper of Vehumet
  7532 | D:6      | Reached skill level 5 in Dodging
  7936 | D:7      | Found an ancient bone altar of Kikubaaqudgha.
  8276 | D:7      | Found a shimmering altar of Xom.
  8560 | D:7      | Found a hide-covered altar of Uskayaw.
  8750 | D:8      | Lost mutation: Your spells are a little harder to cast, but a little more powerful. [potion of mutation]
  8750 | D:8      | Gained mutation: You have a pair of horns on your head. [potion of mutation]
  8750 | D:8      | Gained mutation: You are covered in fur. (AC +1) [potion of mutation]
  8755 | D:8      | Noticed Joseph
  8761 | D:8      | Killed Joseph
  8761 | D:8      | Reached skill level 10 in Spellcasting
  8843 | D:8      | Reached * piety under Vehumet
  8843 | D:8      | Offered knowledge of Sandblast by Vehumet.
  8844 | D:8      | Noticed Pikel
  8854 | D:8      | Killed Pikel
  8854 | D:8      | Reached XP level 10. HP: 55/55 MP: 20/26
  8857 | D:8      | Learned a level 1 spell: Sandblast
  9122 | D:8      | Noticed asdu's ghost (novice HaCK)
  9160 | D:8      | Killed asdu's ghost
  9290 | D:8      | Noticed Grum
  9348 | D:8      | Killed Grum
  9352 | D:8      | Reached skill level 1 in Earth Magic
  9508 | D:8      | Reached skill level 5 in Evocations
  9575 | D:8      | Found a staircase to the Lair.
  9600 | D:8      | Reached skill level 11 in Spellcasting
  9615 | D:8      | Found a shattered altar of Ashenzari.
  9690 | D:8      | Found a stormy altar of Qazlal.
  9756 | D:8      | Found Hoevyuli's Jewellery Boutique.
  9788 | D:8      | Offered knowledge of Sting by Vehumet.
  9791 | D:8      | Learned a level 1 spell: Sting
 10000 | Lair:1   | Entered Level 1 of the Lair of Beasts
 10000 | Lair:1   | Noticed a seven-headed hydra
 10004 | Lair:1   | Killed a seven-headed hydra
 10004 | Lair:1   | Reached skill level 5 in Short Blades
 10071 | Lair:1   | Got a brightly glowing trident
 10072 | Lair:1   | Identified the +11 trident "Ofyucom" {pierce, rElec rN+ MR+} (You found it on level 1 of the Lair of Beasts)
 10095 | Lair:1   | Noticed a four-headed hydra
 10103 | Lair:1   | Killed a four-headed hydra
 10103 | Lair:1   | Reached skill level 1 in Poison Magic
 10103 | Lair:1   | Reached XP level 11. HP: 59/59 MP: 26/28
 10290 | Lair:1   | Noticed a lindwurm
 10298 | Lair:1   | Killed a lindwurm
 10298 | Lair:1   | Reached ** piety under Vehumet
 11491 | Lair:2   | Reached skill level 12 in Spellcasting
 11925 | Lair:2   | Noticed a six-headed hydra
 11936 | Lair:2   | Killed a six-headed hydra
 12042 | Lair:2   | Offered knowledge of Ignite Poison by Vehumet.
 12132 | Lair:2   | Noticed an oklob plant
 12132 | Lair:2   | Noticed an oklob plant
 12132 | Lair:2   | Noticed an oklob plant
 12145 | Lair:2   | Killed an oklob plant
 12264 | Lair:2   | Killed an oklob plant
 12431 | Lair:2   | Killed an oklob plant
 12431 | Lair:2   | Reached XP level 12. HP: 67/67 MP: 10/30
 12875 | Lair:3   | Noticed a seven-headed hydra
 12891 | Lair:3   | Killed a seven-headed hydra
 13217 | Lair:3   | Noticed a six-headed hydra
 13236 | Lair:3   | Killed a six-headed hydra
 13236 | Lair:3   | Reached *** piety under Vehumet
 13370 | Lair:3   | Found a staircase to the Shoals.
 13381 | Lair:3   | Reached skill level 5 in Armour
 13406 | Lair:3   | Reached skill level 13 in Spellcasting
 13694 | Lair:3   | Reached skill level 5 in Fighting
 13880 | Lair:3   | Offered knowledge of Static Discharge by Vehumet.
 14347 | Lair:3   | Reached **** piety under Vehumet
 14353 | Lair:3   | Learned a level 3 spell: Static Discharge
 14414 | Lair:3   | Offered knowledge of Bolt of Draining by Vehumet.
 14564 | Lair:3   | Reached skill level 5 in Earth Magic
 15182 | Lair:4   | Reached skill level 1 in Air Magic
 15191 | Lair:3   | Reached XP level 13. HP: 43/72 MP: 12/32
 15540 | Lair:4   | Reached ***** piety under Vehumet
 15580 | Lair:4   | Found a staircase to the Snake Pit.
 15910 | Lair:4   | Offered knowledge of Lee's Rapid Deconstruction by Vehumet.
 15917 | Lair:4   | Learned a level 5 spell: Lee's Rapid Deconstruction
 15939 | Lair:4   | Lost mutation: You expend magic power (3 MP) to strengthen your wands. [potion of mutation]
 15939 | Lair:4   | Lost mutation: Your flesh is heat resistant. (rF+) [potion of mutation]
 15939 | Lair:4   | Gained mutation: Your body sometimes deteriorates upon taking damage. [potion of mutation]
 16034 | Lair:4   | Got a brightly glowing trident
 16035 | Lair:4   | Identified the +8 trident of the Beast {holy, rF+} (You found it on level 4 of the Lair of Beasts)
 16396 | Lair:5   | Reached skill level 5 in Poison Magic
 17272 | Lair:5   | Found a staircase to the Slime Pits.
 17437 | Lair:5   | Reached skill level 14 in Spellcasting
 17641 | Lair:5   | You are sucked into a shaft!
 17641 | Lair:6   | Entered Level 6 of the Lair of Beasts
 17925 | Lair:6   | Lost strength.
 18103 | Lair:6   | Lost strength.
 18188 | Lair:5   | HP: 1/74 [rime drake/flash freeze (21)]
 18566 | Lair:6   | Got a dazzling hand axe
 18567 | Lair:6   | Identified the +3 hand axe "Liyfeeq" {chop, *Slow +Fly Dex-2 Stlth+} (You found it on level 6 of the Lair of Beasts)
 19210 | Lair:6   | Found a large runed door.
 19210 | Lair:6   | Found a large runed door.
 19262 | Lair:6   | Offered knowledge of Orb of Destruction by Vehumet.
 19515 | Lair:6   | Reached XP level 14. HP: 80/80 MP: 13/34
 19646 | Lair:6   | Lost mutation: Scrolls take you a little longer to read. [potion of cure mutation]
 19646 | Lair:6   | Lost mutation: Your body sometimes deteriorates upon taking damage. [potion of cure mutation]
 19646 | Lair:6   | Lost mutation: You have sharp toenails. [potion of cure mutation]
 19646 | Lair:6   | Lost mutation: You have a pair of horns on your head. [potion of cure mutation]
 20146 | Lair:6   | Learned a level 7 spell: Orb of Destruction
 21701 | D:9      | You are sucked into a shaft!
 21701 | D:10     | Entered Level 10 of the Dungeon
 22290 | D:9      | Found a snail-covered altar of Cheibriados.
 22855 | D:10     | Found a staircase to the Orcish Mines.
 22864 | D:10     | Offered knowledge of Conjure Ball Lightning by Vehumet.
 23225 | Orc:1    | Entered Level 1 of the Orcish Mines
 23725 | Orc:1    | Found a roughly hewn altar of Beogh.
 23774 | Orc:2    | Entered Level 2 of the Orcish Mines
 23791 | Orc:2    | Reached skill level 15 in Spellcasting
 24131 | Orc:2    | Noticed an orc warlord
 24132 | Orc:2    | Reached skill level 10 in Fire Magic
 24147 | Orc:2    | Killed an orc warlord
 24524 | Orc:2    | Found a staircase to the Elven Halls.
 24584 | Orc:2    | Reached skill level 10 in Dodging
 24927 | Orc:2    | Gained mutation: You regenerate slowly when monsters are visible. [a neqoxec]
 24928 | Orc:2    | Noticed a stone giant
 25094 | Orc:2    | Killed a stone giant
 25230 | Orc:2    | Found Otrogig's Food Shop.
 25231 | Orc:2    | Found Efoubb's Distillery.
 25292 | Orc:2    | Bought a potion of curing for 45 gold pieces
 25292 | Orc:2    | Bought a potion of curing for 45 gold pieces
 25548 | Orc:2    | Offered knowledge of Lightning Bolt by Vehumet.
 25681 | Orc:1    | Learned a level 5 spell: Lightning Bolt
 26050 | Orc:2    | Reached skill level 10 in Conjurations
 26252 | Orc:2    | Reached XP level 15. HP: 21/84 MP: 36/36
 26421 | Orc:2    | Found Ecaytonn's Book Shoppe.
 26421 | Orc:2    | Found Futhois's Antique Armour Emporium.
 26421 | Orc:2    | Found a one-way gate leading to the halls of Pandemonium.
 26597 | Orc:2    | Bought the +3 hat of Pondering {ponderous, MR+ MP+10 Int+5} for 359 gold pieces
 26597 | Orc:2    | Bought a runed shield for 220 gold pieces
 26597 | Orc:2    | Bought a pair of gloves for 94 gold pieces
 26625 | Orc:2    | Bought a book of Clouds for 630 gold pieces
 26633 | Orc:2    | Learned a level 6 spell: Freezing Cloud
 27005 | D:11     | Lost mutation: You regenerate slowly when monsters are visible. [mutagenic meat]
 27006 | D:11     | Gained mutation: You possess an exceptional clarity of mind. [mutagenic meat]
 27007 | D:11     | Gained mutation: Your spells are a little easier to cast, but a little less powerful. [mutagenic meat]
 27008 | D:11     | Gained mutation: You expend magic power (3 MP) to strengthen your wands. [mutagenic meat]
 27008 | D:11     | Lost mutation: Your spells are a little easier to cast, but a little less powerful. [potion of cure mutation]
 27008 | D:11     | Lost mutation: You expend magic power (3 MP) to strengthen your wands. [potion of cure mutation]
 27008 | D:11     | Lost mutation: You possess an exceptional clarity of mind. [potion of cure mutation]
 27008 | D:11     | Lost mutation: You have a pair of small horns on your head. [potion of cure mutation]
 27008 | D:11     | Lost mutation: You are weak. (Str -2) [potion of cure mutation]
 27269 | D:11     | Noticed Psyche
 27273 | D:11     | Killed Psyche
 27275 | D:11     | Noticed Harold
 27279 | D:11     | Killed Harold
 27279 | D:11     | Reached skill level 1 in Ice Magic
 27387 | D:11     | Reached ****** piety under Vehumet
 27795 | D:11     | Noticed Nergalle
 27802 | D:11     | Killed Nergalle
 28095 | D:12     | Offered knowledge of Iron Shot by Vehumet.
 28097 | D:12     | Reached skill level 1 in Shields
 28161 | D:12     | Reached skill level 5 in Air Magic
 28432 | D:12     | Noticed Kirke
 28439 | D:12     | Killed Kirke
 29156 | D:12     | Found a burning altar of Makhleb.
 29615 | D:13     | Reached skill level 16 in Spellcasting
 29768 | D:13     | Found a gate to the Vaults.
 30445 | D:14     | Noticed ololoev's ghost (journeyman CeFE)
 30448 | D:14     | Killed ololoev's ghost
 30604 | D:14     | Found Jafyfup's Antique Weapon Boutique.
 30614 | D:14     | Bought a dazzling dagger for 231 gold pieces
 30614 | D:14     | Identified the +11 dagger "Darhuf" {holy, +Inv rElec rPois Str-3} (You bought it in a shop on level 14 of the Dungeon)
 30673 | D:14     | Identified a scroll of acquirement
 30674 | D:14     | Got a warped helmet
 30685 | D:14     | Identified the +2 helmet "Sappedwa" {rC+ Str+2 SInv} (You acquired it on level 14 of the Dungeon)
 30783 | D:14     | Offered knowledge of Bolt of Fire by Vehumet.
 31303 | D:15     | Entered Level 15 of the Dungeon
 31555 | D:15     | Found a staircase to the Depths.
 31559 | D:15     | Found a white marble altar of Elyvilon.
 31699 | D:15     | Noticed Azrael
 31717 | D:15     | Killed Azrael
 32087 | D:15     | Gained mutation: Your magical capacity is low. (-10% MP) [mutagenic meat]
 32088 | D:15     | Gained mutation: You evolve. [mutagenic meat]
 32089 | D:15     | Gained mutation: You have sharp fingernails. [mutagenic meat]
 32090 | D:15     | Gained mutation: You have a pair of small horns on your head. [mutagenic meat]
 32091 | D:15     | Lost mutation: You evolve. [mutagenic meat]
 32481 | D:15     | Found a runed door.
 32652 | D:15     | Reached XP level 16. HP: 82/92 MP: 32/34
 32947 | Shoals:1 | Entered Level 1 of the Shoals
 33097 | Lair:3   | Slain by a sea snake

Vault maps used:
D:1:      dpeg_arrival_arbitrary_a, lexackson_kobold_supper
D:2:      lemuel_doored_altar, minmay_octomino_j4, uniq_robin, uniq_sigmund
D:3:      fedhas_altar_fruit_tree, tso_oasis_becter, first_bread,
          okawaru_gym_becter
D:4:      kennysheep_slugbush, serial_shops, shop, uniq_crazy_yiuf_cottage,
          uniq_menkaure, uniq_eustachio
D:5:      grunt_gozag_statues, nicolae_overflow_crystal_walls,
          kennysheep_small_circle, uniq_duvessa
D:6:      grunt_dithmenos_smoke
D:7:      xom_butterflies, kennysheep_mini, lemuel_mausoleum_altar_kikubaaqudgha
D:8:      ashenzari_conservatory_becter, nicolae_qazlal_eye_of_the_storm,
          lair_entry_dummy, serial_shops, shop, uniq_joseph, uniq_grum,
          uniq_pikel
D:9:      lemuel_crystal_altar
D:10:     orc_0_dummy, serial_glass, glass_columns_a, glass_columns_a
D:11:     uniq_nergalle, uniq_psyche, uniq_harold
D:12:     basic_altar, uniq_kirke
D:13:     david_vaults_2
D:14:     serial_shops, nicolae_shop_stone, hangedman_ranch
D:15:     gammafunk_enter_depths_forms, elyvilon_altar_4, grunt_ministairs_13,
          minmay_crystal_box, uniq_azrael
Temple:   pf_slime_end_temple
Lair:1:   grunt_megastairs_2
Lair:2:   dpeg_oklob_gauntlet, beast_lair_carwin_1
Lair:3:   lemuel_reptile_caves, shoals_dummy_entry, kennysheep_basilisk_garden
Lair:4:   statuecave_lemuel, minmay_snake_entry_spellcaster,
          nicolae_quartered_pool_little, beast_lair_carwin_2,
          lemuel_fruit_fields
Lair:5:   minmay_slime_entry_oklob_enclosed, eino_house_with_fridge
Lair:6:   cheibrodos_lair_end_hotspot, minmay_lair_oklob_bushes,
          serial_bayou_shore_b
Shoals:1: portal_ice_cave_entry_pillars_four, serial_shops, shop,
          nicolae_shoals_c_island
Orc:1:    nicolae_orc_lost_temple
Orc:2:    pf_orc_diabolical

Skill      XL: |  1  2  3  4  5  6  7  8  9 10 11 12 13 14 15 |
---------------+----------------------------------------------+-----
Conjurations   | 2 3 4 5 6 7 8 9 10 | 10.5
Spellcasting   | 4 6 7 9 10 11 12 13 14 15 16 | 16.4
Fire Magic     | 4 5 6 7 8 9 10 | 10.7
Evocations     | 2 3 4 5 6 7 8 9 |  9.5
Short Blades   | 2 4 5 6 7 8 |  8.3
Armour         | 1 2 3 4 5 6 7 |  7.4
Fighting       | 1 2 3 4 5 6 7 |  7.0
Dodging        | 3 4 5 6 8 9 10 | 10.2
Earth Magic    | 2 4 5 6 7 8 |  8.0
Poison Magic   | 1 2 4 5 7 8 |  8.1
Air Magic      | 1 3 4 5 |  5.8
Ice Magic      | 3 |  3.4
Shields        | 2 |  2.4
Stealth        | |  2.4

Action                   |  1- 3 |  4- 6 |  7- 9 | 10-12 | 13-15 | 16-18 || total
-------------------------+-------+-------+-------+-------+-------+-------++-------
Melee: Dagger            |    14 |    42 |   106 |    34 |   389 |     3 ||   588
       Headbutt          |     2 |     2 |    11 |    22 |    36 |       ||    73
       Kick              |       |       |    13 |     5 |       |       ||    18
       Trident           |       |       |       |    78 |    49 |       ||   127
 Cast: Flame Tongue      |    72 |    39 |   128 |   248 |   416 |       ||   903
       Inner Flame       |     3 |       |     4 |    12 |     8 |       ||    27
       Conjure Flame     |     2 |     1 |    12 |     7 |    19 |       ||    41
       Throw Flame       |       |    10 |    25 |    31 |    68 |       ||   134
       Sticky Flame      |       |     2 |    26 |    90 |   233 |     2 ||   353
       Fireball          |       |       |     3 |    36 |    66 |     1 ||   106
       Sting             |       |       |       |    18 |    55 |       ||    73
       Static Discharge  |       |       |       |       |     9 |       ||     9
       Lee's Rapid Decon |       |       |       |       |    12 |       ||    12
       Orb of Destructio |       |       |       |       |    59 |     1 ||    60
       Lightning Bolt    |       |       |       |       |    69 |     1 ||    70
       Freezing Cloud    |       |       |       |       |     6 |       ||     6
Evoke: Wand              |       |       |       |       |     5 |       ||     5
  Use: Scroll            |     7 |     5 |     6 |     9 |    22 |       ||    49
       Potion            |     2 |     1 |     1 |     5 |    18 |     1 ||    28
 Stab: Sleeping          |     2 |     6 |    15 |     8 |    11 |       ||    42
       Distracted        |       |       |       |       |     1 |       ||     1
  Eat: Chunk             |     4 |     6 |    23 |    16 |    51 |       ||   100
       Fruit             |       |       |       |     8 |    15 |       ||    23
       Pizza             |       |       |       |       |     3 |       ||     3
       Beef jerky        |       |       |       |       |     1 |       ||     1
       Bread ration      |       |       |       |       |     4 |       ||     4
       Royal jelly       |       |       |       |       |     1 |       ||     1
Armor: Robe              |    10 |     1 |       |       |    71 |     3 ||    85
       Animal skin       |       |    11 |    21 |    40 |    78 |       ||   150
Dodge: Dodged            |    30 |    35 |   115 |   341 |   923 |     7 ||  1451
Block: Buckler           |       |       |       |       |    25 |     1 ||    26
